 Dungeon Crawl Stone Soup version 0.30-a0-424-g7412bad402 (webtiles) character file.

Game seed: 9232273443163844106

3255 NinjaNoafa the Covert (level 9, 0/47 HPs)
             Began as a Spriggan Brigand on Dec 9, 2022.
             Was a Believer of Dithmenos.
             Killed by an exploding water moccasin (38 damage)
             ... ignited by their inner flame
             ... on level 7 of the Dungeon.
             The game lasted 00:31:59 (7982 turns).

NinjaNoafa the Covert (Spriggan Brigand)            Turns: 7982, Time: 00:31:59

Health: 0/47       AC:  6    Str:  7    XL:     9   Next: 67%
Magic:  10/13      EV: 24    Int: 18    God:    Dithmenos [**....]
Gold:   471        SH:  0    Dex: 27    Spells: 7/12 levels left

rFire   . . .      SeeInvis +    a - +2 dagger
rCold   . . .      Faith    +    (no shield)
rNeg    . . .      Spirit   .    N - +1 robe {Will+}
rPois   .          Reflect  .    O - +2 hat
rElec   .          Harm     .    c - +0 cloak
rCorr   .          Rampage  .    (gloves unavailable)
Will    ++...                    (boots unavailable)
Stlth   +++++++...               s - amulet of faith
HPRegen 0.27/turn                K - +6 ring of dexterity
MPRegen 0.13/turn                D - +6 ring of intelligence

@: wreathed by umbra, very quick
A: very small, no large weapons, unfitting armour, see invisible, speed 3
a: Renounce Religion, Shadow Step


You were on level 7 of the Dungeon.
You worshipped Dithmenos.
Dithmenos was pleased with you.
You visited 2 branches of the dungeon, and saw 8 of its levels.

You collected 471 gold pieces.

Inventory:

Hand Weapons
 a - a +2 dagger (weapon)
Missiles
 r - 45 stones
Armour
 c - a +0 cloak (worn)
 N - a +1 robe of willpower (worn)
 O - a +2 hat (worn)
Jewellery
 b - a ring of positive energy
 f - a ring of protection from cold
 s - an amulet of faith (around neck)
 t - a ring of positive energy
 D - a +6 ring of intelligence (right hand)
 K - a +6 ring of dexterity (left hand)
 R - an amulet of regeneration
Wands
 e - a wand of polymorph (19)
 M - a wand of digging (2)
 P - a wand of paralysis (2)
Scrolls
 g - 6 scrolls of identify {unknown}
 h - 2 scrolls of fear {unknown}
 i - a scroll of acquirement {unknown}
 o - a scroll of fog {unknown}
 p - a scroll of blinking {unknown}
 q - a scroll of torment {unknown}
 y - 2 scrolls of amnesia {unknown}
 z - 2 scrolls of immolation
 B - 2 scrolls of brand weapon {unknown}
 F - a scroll of magic mapping {unknown}
 G - 2 scrolls of teleportation {unknown}
 H - a scroll of poison {unknown}
 I - a scroll of enchant weapon {unknown}
 J - a scroll of silence {unknown}
 L - a scroll of vulnerability {unknown}
 Q - a scroll of enchant armour {unknown}
Potions
 d - a potion of resistance {unknown}
 j - 4 potions of mutation {unknown}
 k - 2 potions of ambrosia {unknown}
 l - 2 potions of magic {unknown}
 m - 5 potions of curing {unknown}
 n - 2 potions of flight {unknown}
 u - a potion of haste {unknown}
 w - a potion of degeneration {unknown}
 x - 2 potions of cancellation {unknown}
 A - a potion of brilliance {unknown}
 C - 2 potions of lignification {unknown}


   Skills:
 - Level 5.0 Fighting
 - Level 6.0 Short Blades
 - Level 6.0 Throwing
 - Level 7.0 Dodging
 - Level 12.0 Stealth
 - Level 2.0 Spellcasting
 - Level 5.0 Translocations
 + Level 0.9 Invocations
 + Level 2.2 Evocations


You had 7 spell levels left.
You knew the following spells:

 Your Spells              Type           Power      Damage    Failure   Level
a - Blink                 Tloc           38%        N/A       3%          2
b - Lesser Beckoning      Tloc           38%        N/A       7%          3

Your spell library contained the following spells:

 Spells                   Type           Power      Damage    Failure   Level
 Momentum Strike          Conj/Tloc      20%        3d8       10%         2
 Kindle Blastsparks       Fire/Tloc/Air  14%        2d11      28%         3
 Ignite Poison            Fire/Tmut/Pois 1%         N/A       47%         3
 Freezing Cloud           Conj/Ice/Air   0%         6-21      99%         5


Dungeon Overview and Level Annotations

Branches:
Dungeon (7/15)             Temple (1/1) D:5

Altars:
Ashenzari
Cheibriados
Dithmenos
Elyvilon
Fedhas
Gozag
Hepliaklqana
Kikubaaqudgha
Makhleb
Nemelex Xobeh
Okawaru
Qazlal
Ru
Sif Muna
Trog
Uskayaw
Vehumet
Xom
Yredelemnul
Zin
The Shining One

Shops:
D:1 (   D:2 [   D:4 =


Innate Abilities, Weirdness & Mutations

You are very small and have problems with some larger weapons.
You are too small for most types of armour.
You have supernaturally acute eyesight. (SInv)
You cover ground extremely quickly. (Speed+++)


Message History

The creatures around you are filled with an inner flame!
It was a scroll of immolation.
The gnoll sergeant shouts!
You hear a shout! x2; You hear a bark!
You hear a shout! x2
A hound comes into view.
The jackal bites you.
Okay, then.
Throw: dart (poison)
Press: ? - help, Q - select action, (/) - cycle Shift-Dir - straight line, f - gnoll sergeant, p - gnoll
Aim: a gnoll sergeant, wielding a +0 trident, wearing a +0 scale mail and wearing a +0 buckler (inner flame, 75% to hit)
You throw a poisoned dart.
The poisoned dart hits the gnoll sergeant!
The gnoll sergeant is poisoned.
The hound barks!
You hear a bark!
The water moccasin bites you but does no damage.
The jackal misses you.
Aiming: Mindburst
Press: ? - help, Q - select action, (/) - cycle Shift-Dir - straight line, f/p - gnoll sergeant
Aim: a gnoll sergeant, wielding a +0 trident, wearing a +0 scale mail and wearing a +0 buckler (inner flame, very poisoned, chance to affect: 73%)
The gnoll sergeant struggles to resist.
You hear a bark!
The water moccasin closely misses you. The jackal barely misses you.
An orc comes into view. It is wielding a +0 hand axe.
You hear a shout!
Aiming: Mindburst
Press: ? - help, Q - select action, (/) - cycle Shift-Dir - straight line, f/p - gnoll sergeant
Aim: a gnoll sergeant, wielding a +0 trident, wearing a +0 scale mail and wearing a +0 buckler (inner flame, very poisoned, umbra, chance to affect: 73%)
The gnoll sergeant's mind is blasted!!
Dithmenos accepts your kill.
The now-empty wand crumbles to dust.
The gnoll sergeant explodes!
The fiery explosion engulfs the water moccasin!!
Dithmenos accepts your kill.
The fiery explosion engulfs the gnoll!!!
Dithmenos accepts your kill.
The gnoll explodes!
The water moccasin explodes!
The fiery explosion engulfs you!!!
Ouch! That really hurt!
You die...

#.#.≈.## ......
##...≈..####gg.g #o.
#....≈...##.... ##...
.....≈.......# ....h...g..#
)..#.≈......# #..........#
.....≈≈.....## ##..(h..≈...#
...#..≈≈....g####§§§...≈≈.g.
.......≈≈≈≈.gg##.§§§.≈≈≈...#
..........≈≈.ggh@§§§§≈...#.#
[.........≈≈≈≈≈≈§§≈≈≈......#
.......##.................#
............#########..####
.......###### ###h##
.......# #...# .......#
#.### .#.....## ### ##.#
........###.# ##..#


You could see a gnoll sergeant, a gnoll bouda, a hound, 2 gnolls, an orc and 2
jackals.

Vanquished Creatures
  Joseph (D:7)
  The ghost of indyram44 the Shield-Bearer, an amateur OpFi (D:3)
  Eustachio (D:6)
  Edmund (D:5)
  Menkaure (D:6)
  2 water moccasins
  A sky beast (D:7)
  2 black bears
  An ice beast (D:6)
  2 ogres
  A phantom (D:4)
  2 bullfrogs (D:6)
  6 scorpions
  A gnoll sergeant (D:7)
  4 necrophages
  2 wights
  A water moccasin zombie (D:6)
  A bullfrog zombie (D:6)
  2 centaur zombies (D:6)
  A human zombie (D:6)
  A jelly (D:4)
  2 gnoll boudas
  4 hounds
  An orc priest (D:7)
  Crazy Yiuf (D:2)
  An iguana (D:6)
  3 orc wizards
  A killer bee zombie (D:6)
  4 mummies (D:6)
  8 gnolls
  6 adders
  2 shadow imps
  A white imp (D:6)
  2 ufetubi
  A worm (D:3)
  3 dart slugs
  12 orcs
  5 bats
  8 endoplasms
  3 giant cockroaches
  4 goblins
  4 hobgoblins
  6 jackals
  A quokka (D:5)
  3 ball pythons
  6 kobolds
  5 rats
132 creatures vanquished.

Vanquished Creatures (others)
  5 fungi (D:5)
5 creatures vanquished.

Grand Total: 137 creatures vanquished

Notes
Turn   | Place    | Note
-------+----------+-------------------------------------------
     0 | D:1      | NinjaNoafa the Spriggan Brigand began the quest for the
                  | Orb.
     0 | D:1      | Reached XP level 1. HP: 10/10 MP: 2/2
   200 | D:1      | Reached skill level 6 in Stealth
   225 | D:1      | Reached XP level 2. HP: 15/15 MP: 3/3
   229 | D:1      | Found a faded altar of an unknown god.
   403 | D:1      | Found Emaor's Antique Weapon Emporium.
   802 | D:2      | Found Buotaory's Armour Boutique.
   806 | D:2      | Reached XP level 3. HP: 18/18 MP: 4/4
  1572 | D:2      | Found a runed translucent door.
  1573 | D:2      | Noticed Crazy Yiuf
  1845 | D:3      | Found a large runed translucent door.
  1846 | D:3      | Found a large runed translucent door.
  1852 | D:3      | Noticed indyram44's ghost (amateur OpFi)
  2426 | D:2      | Killed Crazy Yiuf
  2427 | D:2      | Reached XP level 4. HP: 23/23 MP: 5/5
  2571 | D:4      | Noticed a phantom
  2590 | D:4      | Killed a phantom
  2591 | D:4      | Reached skill level 7 in Stealth
  2591 | D:4      | Reached XP level 5. HP: 24/27 MP: 6/6
  2639 | D:4      | Found a shimmering blue altar of Sif Muna.
  2710 | D:4      | Found Qaluh's Jewellery Shoppe.
  2740 | D:4      | Noticed an ogre
  2765 | D:4      | Killed an ogre
  2810 | D:4      | Reached XP level 6. HP: 13/32 MP: 7/7
  2939 | D:4      | Reached skill level 8 in Stealth
  3723 | D:5      | Entered Level 5 of the Dungeon
  3723 | D:5      | Noticed Edmund
  3733 | D:5      | Killed Edmund
  3760 | D:5      | Reached XP level 7. HP: 36/36 MP: 8/8
  3832 | D:5      | Reached skill level 9 in Stealth
  3890 | D:5      | Found a faded altar of an unknown god.
  3890 | D:5      | Found a radiant altar of Vehumet.
  3897 | D:5      | Found an opulent altar of Gozag.
  3899 | D:5      | Found a faded altar of an unknown god.
  3905 | D:5      | Found a broken altar of Ashenzari.
  3993 | D:5      | Reached skill level 1 in Translocations
  4308 | D:5      | Found a hide-covered altar of Uskayaw.
  4396 | D:5      | Reached skill level 10 in Stealth
  4428 | D:5      | Reached XP level 8. HP: 40/40 MP: 9/9
  4486 | D:5      | Found a staircase to the Ecumenical Temple.
  4496 | Temple   | Entered the Ecumenical Temple
  4546 | Temple   | Became a worshipper of Dithmenos the Shadowed
  5219 | D:3      | Killed indyram44's ghost
  5220 | D:3      | Reached skill level 12 in Stealth
  5557 | D:6      | Reached skill level 5 in Dodging
  5747 | D:6      | Reached skill level 5 in Short Blades
  5752 | D:6      | Found an ancient bone altar of Kikubaaqudgha.
  5832 | D:6      | Reached * piety under Dithmenos
  5907 | D:6      | Noticed Eustachio
  5971 | D:6      | Killed Eustachio
  5972 | D:6      | Reached XP level 9. HP: 19/46 MP: 10/10
  6263 | D:6      | Noticed Menkaure
  6267 | D:6      | Killed Menkaure
  6308 | D:6      | Reached skill level 1 in Spellcasting
  7025 | D:7      | Noticed Joseph
  7037 | D:7      | Killed Joseph
  7037 | D:7      | Reached ** piety under Dithmenos
  7038 | D:7      | Reached skill level 5 in Fighting
  7038 | D:7      | Reached skill level 5 in Throwing
  7204 | D:6      | Reached skill level 5 in Translocations
  7620 | D:7      | Found a white marble altar of Elyvilon.
  7636 | D:7      | Reached skill level 1 in Evocations
  7645 | D:7      | Learned a level 2 spell: Blink
  7649 | D:7      | Learned a level 3 spell: Lesser Beckoning
  7982 | D:7      | Killed by an exploding water moccasin... ignited by their
                  | inner flame

Illustrated notes

Levels and vault maps discovered:
D:1:      lemuel_arrival_tunnels, layout_basic, ebering_ecumenical_altar_webs,
          serial_shops, nicolae_shop_behind_doors
D:2:      layout_basic, serial_shops, shop_fountains, uniq_crazy_yiuf_cottage
D:3:      layout_loops_ring, ebering_ghost_disaster_area
D:4:      layout_basic, led_sif_pool, serial_shops, shop
D:5:      old_forge, layout_basic, nicolae_uskayaw_suspiria,
          chequers_temple_overflow_minitemple, lemuel_temple_firewalk_a,
          uniq_edmund
D:6:      layout_gridville, lemuel_mausoleum_altar_kikubaaqudgha,
          uniq_eustachio, uniq_menkaure
D:7:      layout_cave_pools, lemuel_tele_altar, serial_gnoll_camp,
          gnoll_camp_mini_doghouse, gnoll_camp_huts_moat, gnoll_camp_medium_02,
          gnoll_camp_mini_basic, minmay_increasing_density, uniq_joseph
Temple:   jpeg_temple_clearing

Skill      XL: |  1  2  3  4  5  6  7  8  9 |
---------------+----------------------------+-----
Stealth        | 6 7 8 10 12 | 12.0
Dodging        | 2 3 4 6 7 |  7.0
Fighting       | 2 3 4 5 |  5.0
Short Blades   | 3 4 6 |  6.0
Throwing       | 3 4 6 |  6.0
Translocations | 1 5 |  5.0
Spellcasting   | 2 |  2.0
Evocations     | 2 |  2.2
Invocations    | |  0.9

Action                   |  1- 3 |  4- 6 |  7- 9 || total
-------------------------+-------+-------+-------++-------
Melee: Dagger            |    67 |    52 |   414 ||   533
       Punch             |     2 |     1 |     5 ||     8
Throw: Dart              |    56 |    14 |    21 ||    91
       Stone             |       |     7 |     7 ||    14
       Throwing net      |       |     1 |     1 ||     2
 Cast: Blink             |       |       |     1 ||     1
Invok: Shadow Step       |       |       |     1 ||     1
Evoke: Wand              |     1 |     5 |    10 ||    16
  Use: Scroll            |       |       |     1 ||     1
 Stab: Sleeping          |     4 |     2 |    28 ||    34
       Held in net/web   |       |     1 |     1 ||     2
       Distracted        |       |       |     2 ||     2
       Paralysed         |       |       |     1 ||     1
Armor: Robe              |    10 |     4 |    41 ||    55
Dodge: Dodged            |    42 |    39 |   403 ||   484

Table legend: (Time is in decaauts)
 A = Elapsed time spent in this place.
 B = Non-inter-level travel time spent in this place.
 C = Inter-level travel time spent in this place.
 D = Time resting spent in this place.
 E = Time spent auto-exploring this place.
 F = Levels seen in this place.
 G = Mean time per level.
                   A        B        C        D        E       F      G
               +--------+--------+--------+--------+--------+-----+--------+
         Total |   5433 |   5024 |    409 |      5 |   3473 |   8 |  679.1 |
       Dungeon |   5354 |   4960 |    394 |      5 |   3419 |   7 |  764.9 |
        Temple |     78 |     64 |     14 |      0 |     54 |   1 |   78.0 |
               +--------+--------+--------+--------+--------+-----+--------+

Top non-repeatable levels by time:
     D:6: 1499 daAuts
     D:4: 843 daAuts
     D:3: 741 daAuts
     D:5: 668 daAuts
     D:2: 631 daAuts
     D:1: 521 daAuts
     D:7: 449 daAuts
  Temple: 78 daAuts
